 Dungeon Crawl Stone Soup version 0.27-a0-1291-geefcff550b (webtiles) character file.

Game seed: 9610634612436381648

121 thriggle the Ducker (level 5, -1/41 HPs)
             Began as a Human Monk on June 15, 2021.
             Was a Priest of Kikubaaqudgha.
             Slain by an adder (4 damage)
             ... on level 3 of the Dungeon.
             The game lasted 00:13:09 (3848 turns).

thriggle the Ducker (Human Monk)                    Turns: 3848, Time: 00:13:09

Health: -1/41      AC:  2    Str: 10 (12) XL:     5   Next: 26%
Magic:  2/5        EV: 13    Int:  7 (10) God:    Kikubaaqudgha [***...]
Gold:   182        SH:  0    Dex: 13 (16) Spells: 3/4 levels left

rFire    . . .     SeeInvis .   a - +0 falchion
rCold    . . .     Faith    .   (no shield)
rNeg     . . .     Spirit   .   b - +0 robe
rPois    .         Reflect  .   (no helmet)
rElec    .         Harm     .   (no cloak)
rCorr    .         Rampage  .   (no gloves)
Will     .....                  (no boots)
Stlth    ++........             (no amulet)
HPRegen  0.13/turn              (no ring)
MPRegen  0.09/turn              (no ring)

@: lethally poisoned (-1 -> -6), very slightly contaminated
A: no striking features
a: Renounce Religion, Receive Corpses


You were on level 3 of the Dungeon.
You worshipped Kikubaaqudgha.
Kikubaaqudgha was most pleased with you.
You visited 1 branch of the dungeon, and saw 3 of its levels.

You collected 182 gold pieces.

Inventory:

Hand Weapons
 a - a +0 falchion (weapon)
Missiles
 d - 4 stones (quivered)
Armour
 b - a +0 robe (worn)
Wands
 c - a wand of acid (3)
Scrolls
 e - 2 scrolls of magic mapping
Potions
 f - 3 potions of flight


   Skills:
 + Level 3.3 Fighting
 + Level 3.2 Long Blades
 + Level 1.3 Throwing
 + Level 1.3 Armour
 + Level 3.4 Dodging
 + Level 2.5 Stealth
 * Level 0.3 Spellcasting
 * Level 0.6 Necromancy
 - Level 1.2 Invocations
 + Level 1.0 Evocations


You had 3 spell levels left.
You knew the following spells:

 Your Spells              Type           Power      Damage    Failure   Level
a - Pain                  Necr           0%         1d4       34%         1

Your spell library contained the following spells:

 Spells                   Type           Power      Damage    Failure   Level
 Sublimation of Blood     Necr           0%         N/A       47%         2
 Corpse Rot               Necr/Air       N/A        N/A       52%         2
 Vampiric Draining        Necr           0%         2d6       71%         3
 Animate Dead             Necr           0%         N/A       98%         4
 Dispel Undead            Necr           0%         3d6       98%         4
 Agony                    Necr           0%         N/A       100%        5
 Excruciating Wounds      Necr           0%         N/A       100%        5
 Death Channel            Necr           0%         N/A       100%        6


Dungeon Overview and Level Annotations

Branches:
Dungeon (3/15)

Altars:
Kikubaaqudgha

Shops:
D:2 [=*?

Annotations:
D:2 Ijyb


Message History

You are poisoned.
The adder poisons you!
You hit the adder.
The adder is heavily wounded.
You feel sick. The adder misses you.
You riposte.
You barely miss the adder.
The adder is heavily wounded.
The adder bites you.
You are more poisoned.
The adder poisons you!
Casting: Pain (safe; 34% risk of failure)
Confirm with . or Enter, or press ? or * to list all spells.
Aiming: Pain (safe; 34% risk of failure)
Press: ? - help, Shift-Dir - straight line, f/p - adder
Aim: an adder (heavily wounded, chance to affect: 41%)
You miscast Pain.
Nothing appears to happen.
You feel sick. The adder barely misses you.
Casting: Pain (safe; 34% risk of failure)
Confirm with . or Enter, or press ? or * to list all spells.
Aiming: Pain (safe; 34% risk of failure)
Press: ? - help, Shift-Dir - straight line, f/p - adder
Aim: an adder (heavily wounded, chance to affect: 41%)
The adder writhes in agony.
You feel sick. The adder bites you.
* * * LOW HITPOINT WARNING * * *
You are lethally poisoned!
The adder poisons you!
Okay, then.
You barely miss the adder.
The adder is severely wounded.
* * * LOW HITPOINT WARNING * * *
You feel very sick. The adder closely misses you.
The adder bites you but does no damage.
Okay, then.
Aiming: Corrosive Bolt
Press: ? - help, Shift-Dir - straight line, f/p - adder
Aim: an adder (severely wounded, 53% to hit)
The bolt of acid misses the adder.
* * * LOW HITPOINT WARNING * * *
You feel sick. The adder bites you.
You die...
Kikubaaqudgha rasps: "You have failed me!
Welcome... death!"

#.##...#
#.##.#.##
#†##....#
#....####..#
#....# #..#
......# ##.#
.o....###
#.## ......
####..#
......
#.@S.(##
#.....
#+###..#
.......#.#
....... ...
## g......
[### #$
....... ..
#. .......
#. #<
......$ ..
#... .......
.. ###.


You could see an adder.

Vanquished Creatures
  6 adders
  An adder skeleton (D:3)
  2 worms (D:2)
  3 dart slugs
  2 orcs (D:3)
  3 bats
  4 endoplasms (D:1)
  2 giant cockroaches
  6 goblins
  A hobgoblin (D:2)
  5 jackals (D:1)
  5 kobolds
  2 quokkas
  5 ball pythons
  A frilled lizard (D:3)
  2 rats
50 creatures vanquished.

Vanquished Creatures (others)
  2 plants (D:2)
2 creatures vanquished.

Grand Total: 52 creatures vanquished

Notes
Turn   | Place    | Note
-------+----------+-------------------------------------------
     0 | D:1      | thriggle the Human Monk began the quest for the Orb.
     0 | D:1      | Reached XP level 1. HP: 18/18 MP: 1/1
   379 | D:1      | Reached XP level 2. HP: 24/24 MP: 2/2
   718 | D:1      | Reached XP level 3. HP: 22/29 MP: 3/3
   948 | D:1      | Reached skill level 1 in Invocations
  1012 | D:1      | Reached skill level 1 in Armour
  1321 | D:2      | Reached skill level 1 in Throwing
  1325 | D:2      | Reached XP level 4. HP: 8/35 MP: 4/4
  1594 | D:2      | Found Pitiebba's Assorted Antiques.
  1605 | D:2      | Found Ysig's Jewellery Shop.
  1926 | D:2      | Found Lugy's Antique Armour Shoppe.
  2462 | D:2      | Found a faded altar of an unknown god.
  2470 | D:2      | Became a worshipper of Kikubaaqudgha
  2470 | D:2      | Reached * piety under Kikubaaqudgha
  2470 | D:2      | Identified Kikubaaqudgha's Collected Works on Unholy Arts
                  | (Kikubaaqudgha gifted it to you on level 2 of the Dungeon)
  2470 | D:2      | Received a gift from Kikubaaqudgha
  2470 | D:2      | Reached ** piety under Kikubaaqudgha
  2474 | D:2      | Learned a level 1 spell: Pain
  2530 | D:2      | Found Kystreed's Magic Scroll Shop.
  3110 | D:3      | Noticed Ijyb
  3178 | D:2      | Reached XP level 5. HP: 19/41 MP: 1/5
  3739 | D:3      | Reached *** piety under Kikubaaqudgha
  3739 | D:3      | Identified Kikubaaqudgha's Tome of Unholy Rites
                  | (Kikubaaqudgha gifted it to you on level 3 of the Dungeon)
  3739 | D:3      | Received a gift from Kikubaaqudgha
  3782 | D:3      | Reached skill level 1 in Evocations
  3848 | D:3      | Slain by an adder

Illustrated notes

Levels and vault maps discovered:
D:1:      roderic_crossed_star, layout_basic, chequers_serial_rivers_large_b
D:2:      layout_basic, shapermc_ecumenical_altar_totnotflames, serial_shops,
          shop_coins, nicolae_shop_crystal, shop_fountains, shop,
          serial_bayou_pond_b
D:3:      layout_basic, cheibrodos_gnoll_hut, uniq_ijyb

Skill      XL: |  1  2  3  4  5 |
---------------+----------------+-----
Invocations    | 1 |  1.2
Armour         | 1 |  1.3
Throwing       | 1 |  1.3
Evocations     | 1 |  1.0
Fighting       | |  3.3
Long Blades    | |  3.2
Dodging        | |  3.4
Stealth        | |  2.5
Spellcasting   | |  0.3
Necromancy     | |  0.6

Action                   |  1- 3 |  4- 6 || total
-------------------------+-------+-------++-------
Melee: Falchion          |    68 |   121 ||   189
Throw: Stone             |    15 |    10 ||    25
 Cast: Pain              |       |    10 ||    10
Evoke: Wand              |     1 |     1 ||     2
  Use: Scroll            |     2 |     1 ||     3
       Potion            |       |     5 ||     5
 Stab: Sleeping          |     2 |     3 ||     5
       Invisible         |       |     2 ||     2
Armor: Robe              |     8 |     8 ||    16
       Skin              |       |    19 ||    19
Dodge: Dodged            |    49 |    90 ||   139
       Rpst.: Falchion   |    19 |    28 ||    47

Table legend: (Time is in decaauts)
 A = Elapsed time spent in this place.
 B = Non-inter-level travel time spent in this place.
 C = Inter-level travel time spent in this place.
 D = Time resting spent in this place.
 E = Time spent auto-exploring this place.
 F = Levels seen in this place.
 G = Mean time per level.
                   A        B        C        D        E       F      G
               +--------+--------+--------+--------+--------+-----+--------+
         Total |   3908 |   3818 |     90 |    945 |   2128 |   3 | 1302.7 |
       Dungeon |   3908 |   3818 |     90 |    945 |   2128 |   3 | 1302.7 |
               +--------+--------+--------+--------+--------+-----+--------+

Top non-repeatable levels by time:
     D:2: 2275 daAuts
     D:1: 1416 daAuts
     D:3: 216 daAuts
